 Dungeon Crawl Stone Soup version 0.29-a0-9-g022ca4c890 (webtiles) character file.

Game seed: 7347866214696558219

5922 Grim the Fighter (level 10, -2/99 HPs)
             Began as a Minotaur Hunter on Jan 28, 2022.
             Shot with an arrow by a centaur warrior (11 damage)
             ... on level 10 of the Dungeon.
             The game lasted 00:13:11 (9444 turns).

Grim the Fighter (Minotaur Hunter)                  Turns: 9444, Time: 00:13:12

Health: -2/99      AC: 11    Str: 18    XL:     10   Next: 53%
Magic:  9/9        EV:  5    Int: 10    God:
Gold:   385        SH:  0    Dex: 18    Spells: 9/9 levels left

rFire   . . .      SeeInvis .   b - +8 woodcutter's axe {vorpal}
rCold   . . .      Faith    .   (no shield)
rNeg    . . .      Spirit   .   t - +0 plate armour
rPois   .          Reflect  .   (helmet restricted)
rElec   .          Harm     .   n - +0 cloak
rCorr   .          Rampage  .   (no gloves)
Will    .....                   (no boots)
Stlth   ..........              (no amulet)
HPRegen 0.26/turn               m - +4 ring of slaying
MPRegen 0.11/turn               y - +6 ring of dexterity

@: no status effects
A: horns 2, retaliatory headbutt
a: no special abilities


You were on level 10 of the Dungeon.
You visited 2 branches of the dungeon, and saw 11 of its levels.

You collected 385 gold pieces.

Inventory:

Hand Weapons
 a - a +1 hand crossbow
 b - the +8 woodcutter's axe (weapon) {vorpal}
   (You took it off an orc on level 4 of the Dungeon)

   It inflicts extra damage upon your enemies.
Missiles
 d - 22 bolts
 G - 3 throwing nets (quivered)
Armour
 n - a +0 cloak (worn)
 t - a +0 plate armour (worn)
 F - a +0 kite shield
Jewellery
 m - a +4 ring of slaying (left hand)
 y - a +6 ring of dexterity (right hand)
 E - a ring of poison resistance
 I - a ring of fire
Wands
 c - a wand of polymorph (17)
 v - a wand of iceblast (17)
 N - a wand of flame (2)
Scrolls
 e - 5 scrolls of identify
 f - a scroll of amnesia {unknown}
 h - 2 scrolls of immolation {unknown}
 o - a scroll of silence {unknown}
 p - a scroll of summoning {unknown}
 q - 6 scrolls of teleportation {unknown}
 r - a scroll of torment {unknown}
 s - a scroll of blinking {unknown}
 w - 4 scrolls of enchant armour {unknown}
 x - 2 scrolls of enchant weapon {unknown}
 z - a scroll of fog {unknown}
 C - a scroll of magic mapping {unknown}
 D - 3 scrolls of vulnerability {unknown}
 H - 3 scrolls of fear {unknown}
 J - a scroll of brand weapon {unknown}
Potions
 g - 2 potions of curing
 i - a potion of experience {unknown}
 j - 4 potions of degeneration {!q}
 k - 2 potions of cancellation {unknown}
 l - 2 potions of resistance {unknown}
 u - 2 potions of flight
 A - 3 potions of attraction {unknown}
 B - 2 potions of mutation {unknown}
 K - a potion of haste {unknown}
 L - a potion of lignification {unknown}
 M - a potion of magic {unknown}


   Skills:
 * Level 12.4 Fighting
 - Level 2.5 Long Blades
 - Level 10.4 Axes
 - Level 10.0 Crossbows
 - Level 2.1 Dodging
 - Level 0.7 Stealth


You had 9 spell levels left.
You didn't know any spells.
Your spell library contained the following spells:

 Spells                   Type           Power      Damage    Failure   Level
 Shock                    Conj/Air       0%         1d3       100%        1
 Confusing Touch          Hex            0%         N/A       100%        3
 Portal Projectile        Hex/Tloc       0%         N/A       100%        3
 Swiftness                Air            0%         N/A       100%        3
 Airstrike                Air            0%         N/A       100%        4
 Animate Armour           Summ/Erth      0%         N/A       100%        4
 Blade Hands              Tmut           0%         N/A       100%        5
 Excruciating Wounds      Necr           0%         N/A       100%        5
 Yara's Violent Unravell  Hex/Tmut       0%         3d3       100%        5
 Dispersal                Tloc           0%         N/A       100%        6
 Iron Shot                Conj/Erth      0%         9d1       100%        6
 Enfeeble                 Hex            0%         N/A       100%        7
 Disjunction              Tloc           0%         N/A       100%        8


Dungeon Overview and Level Annotations

Branches:
Dungeon (10/15)            Temple (1/1) D:6
   Lair: D:8-11         Orc: D:9-12

Altars:
Ashenzari
Cheibriados
Dithmenos
Gozag
Hepliaklqana
Kikubaaqudgha
Makhleb
Nemelex Xobeh
Okawaru
Qazlal
Ru
Sif Muna
Trog
Uskayaw
Wu Jian
Yredelemnul
Zin
The Shining One

Annotations:
D:5 2 runed translucent doors


Innate Abilities, Weirdness & Mutations

You have a pair of horns on your head.
You reflexively headbutt those who attack you in melee.


Message History

An orc knight, a six-headed hydra and a centaur warrior come into view.
The orc knight shouts!
The six-headed hydra roars!
The centaur warrior shouts!
You hear a roar!
The centaur warrior wields a +0 longbow.
The centaur warrior shoots an arrow.
The arrow hits you!
You hear a bellow!
The centaur warrior unwields a +0 longbow.
The centaur warrior hits you but does no damage.
The centaur warrior barely misses you. x2; You furiously retaliate!
You headbutt the centaur warrior!
The centaur warrior kicks you but does no damage.
Okay, then.
Okay, then.
The centaur warrior wields a +0 longbow.
The centaur warrior shoots an arrow.
The arrow hits you!
The centaur warrior shoots an arrow.
The arrow hits you.
Unknown command.
The centaur warrior shoots an arrow.
The arrow hits you!
The centaur warrior shoots an arrow.
The arrow hits you!
* * * LOW HITPOINT WARNING * * *
The centaur warrior shoots an arrow.
The arrow hits you!!
* * * LOW HITPOINT WARNING * * *
The centaur warrior unwields a +0 longbow.
The centaur warrior hits you.
* * * LOW HITPOINT WARNING * * *
The centaur warrior kicks you.
* * * LOW HITPOINT WARNING * * *
You hear the loud creaking of a distant portcullis.
You see here 18 stones.
The centaur warrior hits you!
* * * LOW HITPOINT WARNING * * *
The centaur warrior kicks you but does no damage.
The centaur warrior wields a +0 longbow.
The centaur warrior shoots an arrow.
The arrow hits you!
* * * LOW HITPOINT WARNING * * *
The centaur warrior shoots an arrow.
The arrow hits you!
* * * LOW HITPOINT WARNING * * *
Unknown command.
You feel better.
The centaur warrior shoots an arrow.
The arrow hits you!
You die...

#.........# #.#
..........## #.#
............# +o.
..........#..# #D#
######### .# #.# #####
.# #.#######o# ..... #.
#......c.D# .....
.#####.#########.#####
...>..
.......@...###..##..##
......
...........#..##..##.# #
......
.........c.###..##..##..
......
..........D#..##..##.#..
.....
............##..##..#...
#####
######.....#..##..##.#..
#.....###..##..##.. .
.......#..##..##.# . #
#..#######.###..##..## .


You could see a six-headed hydra and a centaur warrior.

Vanquished Creatures
  Sonja (D:10)
  A gargoyle (D:10)
  Maggie (D:6)
  A kobold demonologist (D:9)
  A wraith (D:9)
  A shadow (D:10)
  A wyvern (D:10)
  A yak (D:10)
  A basilisk (D:10)
  Duvessa (D:6)
  2 water moccasins
  A sky beast (D:5)
  An orc warrior (D:10)
  3 black bears
  A hornet zombie (D:7)
  A necrophage (D:4)
  3 ogres
  2 centaurs
  A kobold brigand (D:7)
  4 bullfrogs
  2 gnoll sergeants
  3 scorpions
  Dowan (D:6)
  16 wights
  2 centaur zombies
  A bullfrog zombie (D:5)
  7 orc priests
  5 hounds
  2 jellies
  A bullfrog skeleton (D:4)
  A gnoll shaman (D:8)
  An iguana (D:7)
  A scorpion zombie (D:5)
  Natasha (D:2)
  8 orc wizards
  A hound zombie (D:4)
  16 gnolls
  2 howler monkey zombies
  A howler monkey skeleton (D:5)
  3 adders
  2 ufetubi
  3 worms
  A dart slug (D:4)
  15 orcs
  3 ball pythons
  3 endoplasms
  6 giant cockroaches
  6 goblins
  2 hobgoblins
  2 jackals (D:1)
  3 quokkas
  3 bats
  A frilled lizard (D:2)
  10 kobolds
  8 rats
172 creatures vanquished.

Vanquished Creatures (others)
  A fungus (D:7)
  3 plants (D:7)
4 creatures vanquished.

Grand Total: 176 creatures vanquished

Notes
Turn   | Place    | Note
-------+----------+-------------------------------------------
     0 | D:1      | Grim the Minotaur Hunter began the quest for the Orb.
     0 | D:1      | Reached XP level 1. HP: 18/18 MP: 0/0
   296 | D:1      | Found a faded altar of an unknown god.
   362 | D:1      | Reached XP level 2. HP: 22/25 MP: 1/1
   363 | D:1      | Reached skill level 5 in Crossbows
  1001 | D:2      | Noticed Natasha
  1002 | D:2      | Noticed a crimson imp
  1006 | D:2      | Killed Natasha
  1007 | D:2      | Reached XP level 3. HP: 23/30 MP: 2/2
  1503 | D:3      | Reached XP level 4. HP: 37/37 MP: 3/3
  1746 | D:3      | Found an iron altar of Okawaru.
  1761 | D:3      | Reached XP level 5. HP: 42/42 MP: 4/4
  2094 | D:4      | Noticed an ogre
  2100 | D:4      | Killed an ogre
  2253 | D:4      | Found a sacrificial altar of Ru.
  2260 | D:4      | Reached XP level 6. HP: 50/50 MP: 5/5
  2537 | D:4      | Reached skill level 1 in Long Blades
  2869 | D:4      | Reached XP level 7. HP: 54/56 MP: 6/6
  3073 | D:5      | Entered Level 5 of the Dungeon
  3076 | D:5      | Reached skill level 1 in Axes
  3429 | D:5      | Found a runed translucent door.
  3449 | D:5      | Reached skill level 5 in Axes
  3449 | D:5      | Reached XP level 8. HP: 62/62 MP: 7/7
  3461 | D:5      | Found a runed translucent door.
  3819 | D:6      | Reached skill level 10 in Crossbows
  4260 | D:6      | Noticed Maggie
  4267 | D:6      | Killed Maggie
  4330 | D:6      | Noticed Duvessa
  4330 | D:6      | Noticed Dowan
  4354 | D:6      | Killed Duvessa
  4355 | D:6      | Reached XP level 9. HP: 10/68 MP: 8/8
  4638 | D:6      | Killed Dowan
  4983 | D:6      | Found a staircase to the Ecumenical Temple.
  4990 | Temple   | Entered the Ecumenical Temple
  5129 | D:6      | Reached skill level 10 in Axes
  5333 | D:7      | Reached skill level 3 in Fighting
  5504 | D:7      | Reached skill level 4 in Fighting
  5741 | D:7      | Found a basalt altar of Yredelemnul.
  6245 | D:7      | Found a broken altar of Ashenzari.
  6249 | D:7      | Saw a vision of the Swamp and the Snake Pit.
  6249 | D:7      | Noticed a naga mage
  6249 | D:7      | Noticed a will-o-the-wisp
  6269 | D:7      | Reached skill level 5 in Fighting
  6517 | D:7      | Reached skill level 6 in Fighting
  6766 | D:8      | Reached skill level 7 in Fighting
  7147 | D:8      | Reached skill level 8 in Fighting
  7350 | D:8      | Found an ancient bone altar of Kikubaaqudgha.
  7569 | D:8      | Reached skill level 9 in Fighting
  8015 | D:9      | Noticed a kobold demonologist
  8020 | D:9      | Killed a kobold demonologist
  8021 | D:9      | Reached XP level 10. HP: 93/93 MP: 9/9
  8167 | D:9      | Reached skill level 10 in Fighting
  8310 | D:9      | Identified the +5 rapier "Weade" {vorpal, Drain rF++ rCorr}
  8729 | D:9      | Found an opulent altar of Gozag.
  8731 | D:9      | Found a burning altar of Makhleb.
  8734 | D:9      | Found a shimmering blue altar of Sif Muna.
  8846 | D:10     | Entered Level 10 of the Dungeon
  8846 | D:10     | Found a glowing silver altar of Zin.
  8857 | D:10     | Noticed a gargoyle
  8860 | D:10     | Killed a gargoyle
  8887 | D:10     | Reached skill level 11 in Fighting
  8946 | D:10     | Noticed a two-headed ogre
  9086 | D:10     | Found an opulent altar of Gozag.
  9144 | D:10     | Noticed Sonja
  9152 | D:10     | Killed Sonja
  9153 | D:10     | Reached skill level 12 in Fighting
  9426 | D:10     | Noticed an orc knight
  9426 | D:10     | Noticed a six-headed hydra
  9426 | D:10     | Noticed a centaur warrior
  9443 | D:10     | HP: 1/99 [centaur warrior/arrow (17)]
  9444 | D:10     | Shot with an arrow by a centaur warrior

Illustrated notes

Levels and vault maps discovered:
D:1:      dpeg_arrival_arbitrary_a, layout_loops_ring,
          nicolae_ecumenical_lake_church
D:2:      cheibrodos_helix_gallery, layout_rooms, uniq_natasha
D:3:      layout_basic, mainiacjoe_overflow_catwalk, minmay_misc_feat_pillars
D:4:      nicolae_BIG_FREAKIN_CUBE, layout_basic,
          mainiacjoe_overflow_cross_hatched, minmay_bent
D:5:      lemuel_insect_pit, layout_gridville, nicolae_fountain_basement
D:6:      layout_basic, minmay_temple_entry_nine_rooms, uniq_maggie,
          uniq_duvessa
D:7:      layout_layer_cave, grunt_ashenzari_visionary
          [grunt_ashenzari_visionary_swamp, grunt_ashenzari_visionary_snake],
          mainiacjoe_overflow_surrounded_room
D:8:      layout_gridville, nicolae_kikubaaqudgha_miasma_corner
D:9:      layout_long_grid, minmay_overflow_temple_star_quad,
          small_statue_intersection
D:10:     minmay_the_grid_plus [minmay_the_grid_all_tris,
          minmay_the_grid_stretched_grid, minmay_the_grid_outer_diamond,
          minmay_the_grid_medium_cups, minmay_the_grid_prize_shrinking_boxes],
          layout_long_grid, nicolae_overflow_quartered_altars,
          david_lair_generic, enter_bailey_2, hangedman_feature_mirror,
          minmay_joined_circles, uniq_sonja
Temple:   zaba_magenta_temple

Skill      XL: |  1  2  3  4  5  6  7  8  9 10 |
---------------+-------------------------------+-----
Crossbows      | 5 6 7 8 9 10 | 10.0
Long Blades    | 2 |  2.5
Axes           | 5 9 10 | 10.4
Fighting       | 9 12 | 12.4
Dodging        | |  2.1
Stealth        | |  0.7

Action                   |  1- 3 |  4- 6 |  7- 9 | 10-12 || total
-------------------------+-------+-------+-------+-------++-------
Melee: Short sword       |    25 |    15 |       |       ||    40
       Headbutt          |       |     4 |    15 |     2 ||    21
       War axe           |       |       |    88 |    19 ||   107
 Fire: Hand crossbow     |    51 |    63 |   167 |    34 ||   315
  Use: Scroll            |       |       |     3 |       ||     3
       Potion            |       |       |     1 |     1 ||     2
Armor: Leather armour    |    13 |       |       |       ||    13
       Ring mail         |     4 |     3 |       |       ||     7
       Plate armour      |       |    18 |    58 |    15 ||    91
Dodge: Dodged            |    18 |    14 |    27 |     6 ||    65

Table legend: (Time is in decaauts)
 A = Elapsed time spent in this place.
 B = Non-inter-level travel time spent in this place.
 C = Inter-level travel time spent in this place.
 D = Time resting spent in this place.
 E = Time spent auto-exploring this place.
 F = Levels seen in this place.
 G = Mean time per level.
                   A        B        C        D        E       F      G
               +--------+--------+--------+--------+--------+-----+--------+
         Total |   9480 |   9187 |    293 |   1564 |   6197 |  11 |  861.8 |
       Dungeon |   9366 |   9085 |    281 |   1564 |   6147 |  10 |  936.6 |
        Temple |    113 |    101 |     12 |      0 |     50 |   1 |  113.0 |
               +--------+--------+--------+--------+--------+-----+--------+

Top non-repeatable levels by time:
     D:7: 1598 daAuts
     D:5: 1242 daAuts
     D:4: 1032 daAuts
     D:8: 988 daAuts
     D:9: 987 daAuts
     D:1: 889 daAuts
     D:6: 836 daAuts
    D:10: 612 daAuts
     D:3: 604 daAuts
     D:2: 574 daAuts
  Temple: 113 daAuts
